Unix NetHack Version 3.7.0-59 Work-in-progress - last build May 22 2022 07:16:55 (d83f55cc88dfe54b56df59a0ae15379164b6fae3,branch:master). Game began 2022-05-22 15:08:33, ended 2022-05-22 15:18:42. NetSysFire, chaotic female human Priestess --- --.--- --....--- ---.......-- |..........--- |............---.. ---.........rrh[*. ----......r@r... ---....rrr.. |........ ----.... NetSysFire the Acolyte St:9 Dx:10 Co:18 In:9 Wi:18 Ch:12 Chaotic S:1086 Dlvl:3 $:32 HP:0(46) Pw:79(79) AC:6 Exp:5 T:3615 Latest messages: You see here a cursed crude dagger. You stop waiting. You kill the iguana! You see here an uncursed iguana corpse. There is an uncursed iguana corpse here; eat it? [ynq] (n) y This iguana corpse tastes terrible! You finish eating the iguana corpse. You are beginning to feel hungry. You stop waiting. What do you want to eat? [fz or ?*] ? This food really hits the spot! You finish eating the food ration. You stop waiting. There is a branch staircase down to the Gnomish Mines here. You see here a cursed crude dagger. The sewer rat bites! You kill the sewer rat! You are in full health. You descend the stairs. The rabid rat bites! The sewer rat bites! The sewer rat bites! The sewer rat bites! The giant rat bites! The sewer rat just misses! You hit the rabid rat! The rabid rat bites! The sewer rat misses! The sewer rat bites! The sewer rat misses! The giant rat bites! The sewer rat bites! The giant rat bites! The dwarf swings his pick-axe. The dwarf hits! You miss the rabid rat. The rabid rat bites! The sewer rat bites! The sewer rat bites! The sewer rat bites! The sewer rat bites! The giant rat bites! The dwarf swings his pick-axe. The dwarf hits! You die... Do you want your possessions identified? [ynq] (y) y Do you want to see your attributes? [ynq] (y) y Do you want an account of creatures vanquished? [ynaq] (y) y Do you want to see your conduct and achievements? [ynq] (y) y Do you want to see the dungeon overview? [ynq] (y) y Major events: Turn 1: NetSysFire the chaotic human Priestess entered the dungeon 1469: attained the rank of Acolyte (level 3) 2052: entered the Gnomish Mines 3615: killed by a dwarf Inventory: Coins $ - 32 gold pieces Weapons a - a blessed +1 mace (weapon in hand) Armor w - an uncursed +0 pair of high boots (being worn) b - an uncursed +0 robe (being worn) Comestibles f - an uncursed sprig of wolfsbane Potions o - a cursed potion of fruit juice Tools j - an uncursed skeleton key C - an uncursed skeleton key Gems/Stones D - 2 uncursed worthless pieces of blue glass A - an uncursed worthless piece of orange glass x - 2 uncursed worthless pieces of white glass u - 2 uncursed worthless pieces of yellow glass i - an uncursed luckstone NetSysFire the Priestess's attributes: Background: You were an Acolyte, a level 5 human Priestess. You were chaotic, nominally on a mission for Poseidon who was opposed by Athena (lawful) and Hermes (neutral). You were in the Gnomish Mines, on level 3. You entered the dungeon 3615 turns ago. You had 206 experience points, 114 more were needed to attain level 6. Your score was 1086 before end-of-game adjustments. Basics: You had 0 out of 46 hit points. You had all 79 energy points (spell power). Your armor class was 6. Your wallet contained 32 zorkmids. Autopickup was off. Final Characteristics: Your strength was 9 (limit:18/100). Your dexterity was 10 (limit:18). Your constitution was 18 (limit:18). Your intelligence was 9 (limit:18). Your wisdom was 18 (limit:18). Your charisma was 12 (limit:18). Final Status: You were not hungry. You were unencumbered. You were wielding a mace. You had basic skill with mace and could have enhanced that. Final Attributes: You were piously aligned. You were guarded. You were lucky. You had extra luck. Bad luck did not time out for you. Good luck did not time out for you. You are dead. Miscellaneous: You never encountered a bones level. Total elapsed playing time was 10 minutes and 8 seconds. Vanquished creatures: a gnome leader a gnomish wizard 2 kittens a dwarf 2 homunculi a wererat an iguana an acid blob a coyote a hobbit a large kobold 7 gnomes 5 geckos 8 jackals a kobold 2 goblins 6 sewer rats a grid bug 4 lichens 8 newts 55 creatures vanquished. No species were genocided or became extinct. Voluntary challenges: You were an atheist. You read items or engraved 3 times. You never engraved Elbereth. You never genocided any monsters. You never polymorphed an object. You never changed form. You used no wishes. Achievements: You attained the rank of Acolyte. You entered the Gnomish Mines. The Dungeons of Doom: levels 1 to 5 Level 1: Level 2: Stairs down to The Gnomish Mines. Level 3: Many fountains. Level 4: Some fountains, a grave. Level 5: The Gnomish Mines: Level 3: <- You were here. Final resting place for you, killed by a dwarf. Game over: ---------- / \ / REST \ / IN \ / PEACE \ / \ | NetSysFire | | 32 Au | | killed by a | | dwarf | | | | | | 2022 | *| * * * | * _________)/\\_//(\/(/\)/\//\/|_)_______ Goodbye NetSysFire the Priestess... You died in The Gnomish Mines on dungeon level 3 with 1083 points, and 32 pieces of gold, after 3615 moves. You were level 5 with a maximum of 46 hit points when you died.